 Dungeon Crawl Stone Soup version 0.29-a0-22-gbf593b16ee (webtiles) character file.

Game seed: 15735185543063508076

5895 HallandMoats the Grappler (level 10, 0/102 HPs)
             Began as a Troll Monk on Jan 30, 2022.
             Was an Elder of Makhleb.
             Slain by a killer bee (6 damage)
             ... on level 8 of the Dungeon.
             The game lasted 00:10:37 (5947 turns).

HallandMoats the Grappler (Troll Monk)              Turns: 5947, Time: 00:10:38

Health: 0/102      AC:  4    Str: 23    XL:     10   Next: 53%
Magic:  14/14      EV: 12    Int:  6    God:    Makhleb [****..]
Gold:   484        SH:  0    Dex: 14    Spells: 9/9 levels left

rFire   . . .      SeeInvis .     - Unarmed
rCold   . . .      Faith    .   (no shield)
rNeg    . . .      Spirit   .   a - +0 robe
rPois   .          Reflect  .   (helmet restricted)
rElec   .          Harm     .   (no cloak)
rCorr   .          Rampage  .   (gloves unavailable)
Will    .....                   (boots unavailable)
Stlth   ++........              q - amulet of regeneration
HPRegen 1.87/turn               (no ring)
MPRegen 0.14/turn               (no ring)

@: lethally poisoned (0 -> -14), hasted, very quick
A: large, unfitting armour, claws 3, regeneration 1, shaggy fur 1, tough skin 1
a: Renounce Religion, Minor Destruction, Lesser Servant of Makhleb, Major
Destruction


You were on level 8 of the Dungeon.
You worshipped Makhleb.
Makhleb was greatly pleased with you.
You visited 1 branch of the dungeon, and saw 8 of its levels.

You collected 484 gold pieces.

Inventory:

Armour
 a - a +0 robe (worn)
Jewellery
 c - an amulet of faith
 q - an amulet of regeneration (around neck)
Wands
 m - a wand of iceblast (10)
 t - a wand of polymorph (24)
 y - a wand of mindburst (20)
 C - a wand of paralysis (6)
Scrolls
 b - 2 scrolls of teleportation {unknown}
 f - 4 scrolls of immolation {unknown}
 g - 2 scrolls of enchant weapon {unknown}
 i - a scroll of fog {unknown}
 l - 2 scrolls of magic mapping {unknown}
 n - a scroll of acquirement {unknown}
 p - a scroll of amnesia {unknown}
 v - 2 scrolls of identify
 w - a scroll of silence {unknown}
 A - 2 scrolls of blinking {unknown}
 B - 2 scrolls of noise {unknown}
Potions
 d - a potion of brilliance
 e - a potion of lignification {unknown}
 h - a potion of mutation {unknown}
 j - a potion of heal wounds {unknown}
 k - 3 potions of magic
 o - 2 potions of haste
 r - a potion of resistance {unknown}
 s - 2 potions of attraction
 u - a potion of flight {unknown}
 x - a potion of might {unknown}
 z - 2 potions of curing {unknown}


   Skills:
 * Level 7.2 Fighting
 + Level 4.4 Armour
 + Level 5.3 Dodging
 - Level 1.0 Stealth
 * Level 8.7 Unarmed Combat
 * Level 7.0 Invocations


You had 9 spell levels left.
You didn't know any spells.
Your spell library contained the following spells:

 Spells                   Type           Power      Damage    Failure   Level
 Animate Skeleton         Necr           0%         N/A       45%         1
 Apportation              Tloc           0%         N/A       45%         1
 Slow                     Hex            0%         N/A       45%         1
 Summon Small Mammal      Summ           0%         N/A       45%         1
 Ensorcelled Hibernation  Hex/Ice        0%         N/A       58%         2
 Confusing Touch          Hex            0%         N/A       83%         3
 Dazzling Flash           Conj/Hex       0%         N/A       83%         3
 Spider Form              Tmut/Pois      0%         N/A       83%         3
 Vampiric Draining        Necr           0%         2d6       83%         3
 Anguish                  Hex/Necr       0%         N/A       99%         4
 Iskenderun's Mystic Bla  Conj/Tloc      0%         2d3       99%         4
 Summon Lightning Spire   Summ/Air       0%         N/A       99%         4
 Starburst                Conj/Fire      0%         6d3       100%        6
 Storm Form               Tmut/Air       0%         N/A       100%        7
 Maxwell's Capacitive Co  Air            0%         ∞         100%        8


Dungeon Overview and Level Annotations

Branches:
Dungeon (8/15)             Temple (0/1) D:6            Lair (0/6) D:8

Altars:
Dithmenos
Elyvilon
Makhleb
Nemelex Xobeh
Trog
Uskayaw
Wu Jian
Yredelemnul
The Shining One

Annotations:
D:8 2 transporters, greynaab's ghost, novice HuBe


Innate Abilities, Weirdness & Mutations

You are too large for most types of armour.
You have claws for hands.
Your natural rate of healing is unusually fast.
You are covered in fur. (AC +1)
You have tough skin. (AC +1)


Message History

The killer bee is almost dead.
You feel sick.
The killer bee stings the plant.
The killer bee stings you. x2
You are more poisoned.
The killer bee poisons you!
The killer bee stings the bush.
The bush is poisoned.
The killer bee poisons the bush!
The killer bee closely misses you.
The killer bee stings the plant.
The plant is poisoned.
The killer bee poisons the plant!
The killer bee barely misses you. The killer bee stings you!
Okay, then.
Unknown command.
As you read the scroll of identify, it crumbles to dust.
s - 2 potions of attraction You feel very sick.
The killer bee stings you.
You are more poisoned.
The killer bee poisons you!
The killer bee stings the bush.
The killer bee stings the plant.
The killer bee barely misses you. The killer bee stings you.
* * * LOW HITPOINT WARNING * * *
The killer bee stings you but does no damage.
The killer bee stings the bush but does no damage.
The killer bee stings the plant!
The killer bee stings you.
* * * LOW HITPOINT WARNING * * *
The killer bee misses you.
Unknown command.
You feel yourself speed up.
You feel very sick. The killer bee stings you.
* * * LOW HITPOINT WARNING * * *
You are lethally poisoned!
The killer bee poisons you!
The killer bee stings the bush but does no damage.
The killer bee stings the plant.
The killer bee misses you. The killer bee closely misses you.
The killer bee stings the bush.
The killer bee stings you.
* * * LOW HITPOINT WARNING * * *
The killer bee stings the plant!
The killer bee stings you.
* * * LOW HITPOINT WARNING * * *
The killer bee stings you.
You die...

####......P.P..PP.#
#...♣.......P..##
##.....P...P....#
#...............#########
#......♣...†.............
###...♣....♣..P.P†........
...y........yy>P....♣....##..#
..y........PyP.........'###..#
yyy.....P...P@yP....♣.#..##..+
.........P..yP...P..P....†...#
..........P.P...P........##..#
..####.............P.....##..#
.. #.............#+##......#
+................#......'
#..............÷.########
#####...................
................


You could see 5 killer bees.

Vanquished Creatures
  A hornet (D:8)
  Sigmund (D:6)
  A shadow (D:7)
  A wyvern (D:8)
  10 yaks
  2 basilisks (D:8)
  Menkaure (D:5)
  4 water moccasins
  5 sky beasts
  3 ice beasts
  An orc warrior (D:6)
  A black bear (D:6)
  2 kobold brigands
  4 scorpions
  A water moccasin zombie (D:3)
  A water moccasin skeleton (D:7)
  A killer bee (D:8)
  3 jellies
  15 wights
  An electric eel (D:6)
  3 centaur skeletons
  2 hounds
  A bullfrog skeleton (D:6)
  3 orc priests
  A gnoll shaman (D:7)
  An iguana (D:7)
  8 orc wizards
  A scorpion zombie (D:3)
  2 hound zombies
  A hound skeleton (D:4)
  Robin (D:3)
  3 howler monkey skeletons
  3 gnolls (D:7)
  4 adders
  A shadow imp (D:8)
  A white imp (D:6)
  An adder skeleton (D:3)
  A worm (D:2)
  A dart slug (D:2)
  12 orcs
  11 ball pythons
  5 bats
  4 endoplasms
  3 giant cockroaches
  8 goblins
  6 hobgoblins
  8 jackals (D:1)
  3 quokkas (D:3)
  A ball python zombie (D:3)
  3 frilled lizards
  A jackal skeleton (D:3)
  12 kobolds
  A quokka zombie (D:3)
  5 rats
181 creatures vanquished.

Vanquished Creatures (others)
  A butterfly (D:5)
  A fungus (D:8)
  16 plants
18 creatures vanquished.

Grand Total: 199 creatures vanquished

Notes
Turn   | Place    | Note
-------+----------+-------------------------------------------
     0 | D:1      | HallandMoats the Troll Monk began the quest for the Orb.
     0 | D:1      | Reached XP level 1. HP: 22/22 MP: 0/0
   126 | D:1      | Reached XP level 2. HP: 29/29 MP: 1/1
   581 | D:1      | Reached XP level 3. HP: 36/36 MP: 2/2
  1040 | D:2      | Reached XP level 4. HP: 43/45 MP: 3/3
  1378 | D:3      | Found a faded altar of an unknown god.
  1395 | D:3      | Reached skill level 1 in Armour
  1395 | D:3      | Reached skill level 1 in Invocations
  1449 | D:3      | Reached skill level 4 in Unarmed Combat
  1449 | D:3      | Reached XP level 5. HP: 51/53 MP: 4/4
  1489 | D:3      | Noticed Robin
  1501 | D:3      | Killed Robin
  1767 | D:3      | Found a shadowy altar of Dithmenos.
  1767 | D:3      | Found a burning altar of Makhleb.
  1830 | D:3      | Became a worshipper of Makhleb the Destroyer
  1830 | D:3      | Reached * piety under Makhleb
  1830 | D:3      | Reached ** piety under Makhleb
  1932 | D:4      | Reached XP level 6. HP: 62/62 MP: 6/6
  1941 | D:4      | Found an ornate altar of the Wu Jian Council.
  2383 | D:5      | Entered Level 5 of the Dungeon
  2396 | D:5      | Noticed an ice beast
  2407 | D:5      | Killed an ice beast
  2536 | D:5      | Reached XP level 7. HP: 63/70 MP: 7/7
  2541 | D:5      | Reached skill level 5 in Unarmed Combat
  2570 | D:5      | Noticed Menkaure
  2580 | D:5      | Killed Menkaure
  2835 | D:5      | Found a white marble altar of Elyvilon.
  3045 | D:5      | Noticed a yak
  3045 | D:5      | Noticed a yak
  3045 | D:5      | Noticed a yak
  3045 | D:5      | Noticed a yak
  3045 | D:5      | Noticed a yak
  3056 | D:5      | Killed a yak
  3057 | D:5      | Reached XP level 8. HP: 56/79 MP: 9/9
  3065 | D:5      | Reached skill level 5 in Fighting
  3065 | D:5      | Reached skill level 6 in Unarmed Combat
  3439 | D:6      | Reached XP level 9. HP: 78/88 MP: 11/11
  3541 | D:6      | Noticed Sigmund
  3554 | D:6      | Killed Sigmund
  3555 | D:6      | Reached skill level 7 in Unarmed Combat
  3555 | D:6      | Reached skill level 5 in Invocations
  3580 | D:6      | Found a staircase to the Ecumenical Temple.
  4148 | D:6      | Found a bloodstained altar of Trog.
  4312 | D:7      | Reached *** piety under Makhleb
  4861 | D:7      | Found a glowing golden altar of the Shining One.
  5318 | D:7      | Found a sparkling altar of Nemelex Xobeh.
  5436 | D:8      | Found a basalt altar of Yredelemnul.
  5437 | D:8      | Found a hide-covered altar of Uskayaw.
  5539 | D:8      | Reached skill level 8 in Unarmed Combat
  5542 | D:8      | Reached XP level 10. HP: 83/99 MP: 13/13
  5653 | D:8      | Found a transporter.
  5653 | D:8      | Noticed greynaab's ghost (novice HuBe)
  5653 | D:8      | Identified the +4 great mace of the Walnut {vorpal, rElec
                  | Int+4 SInv Stlth+}
  5653 | D:8      | Noticed a two-headed ogre
  5654 | D:8      | Found a transporter.
  5718 | D:8      | Reached skill level 5 in Dodging
  5786 | D:8      | Reached **** piety under Makhleb
  5799 | D:8      | Paralysed by a hornet for 3 turns
  5836 | D:8      | Found a staircase to the Lair.
  5947 | D:8      | Slain by a killer bee

Illustrated notes

Levels and vault maps discovered:
D:1:      dpeg_arrival_rhombus, layout_basic, dk_noncrumbling_4
D:2:      layout_basic
D:3:      layout_rooms, gammafunk_temple_overflow_wave,
          ebering_ecumenical_altar_mist, serial_undead, serial_undead_a,
          serial_undead_a, serial_undead_c, serial_undead_a, uniq_robin
D:4:      layout_basic, nzn_wu_jian_contemplation
D:5:      layout_loops_corners, nicolae_elyvilon_peaceful_grove, uniq_menkaure
D:6:      layout_basic, kennysheep_little_box, minmay_temple_entry_purple_smoke,
          serial_bayou_pond_b, uniq_sigmund
D:7:      layout_loops_corners, tso_oasis_becter, mainiacjoe_overflow_alcove_1,
          serial_bayou_pond_b
D:8:      layout_gridville, gammafunk_temple_overflow_statue,
          minmay_lair_entry_grove, gammafunk_ghost_smash

Skill      XL: |  1  2  3  4  5  6  7  8  9 10 |
---------------+-------------------------------+-----
Fighting       | 3 4 5 6 7 |  7.2
Armour         | 1 2 3 4 |  4.4
Invocations    | 1 2 3 4 6 7 |  7.0
Unarmed Combat | 4 5 6 8 |  8.7
Dodging        | 3 4 5 |  5.3
Stealth        | |  1.0

Action                   |  1- 3 |  4- 6 |  7- 9 | 10-12 || total
-------------------------+-------+-------+-------+-------++-------
Melee: Unarmed           |    96 |   129 |   277 |    96 ||   598
       Punch             |     1 |     1 |    14 |     6 ||    22
  Use: Scroll            |       |       |     4 |     1 ||     5
       Potion            |       |       |     1 |     1 ||     2
 Stab: Sleeping          |     2 |     2 |     1 |     1 ||     6
       Distracted        |       |     1 |       |       ||     1
Armor: Robe              |    28 |    35 |    65 |    13 ||   141
Dodge: Dodged            |    58 |    55 |    95 |    68 ||   276

Table legend: (Time is in decaauts)
 A = Elapsed time spent in this place.
 B = Non-inter-level travel time spent in this place.
 C = Inter-level travel time spent in this place.
 D = Time resting spent in this place.
 E = Time spent auto-exploring this place.
 F = Levels seen in this place.
 G = Mean time per level.
                   A        B        C        D        E       F      G
               +--------+--------+--------+--------+--------+-----+--------+
         Total |   5875 |   5723 |    152 |    158 |   4200 |   8 |  734.4 |
       Dungeon |   5875 |   5723 |    152 |    158 |   4200 |   8 |  734.4 |
               +--------+--------+--------+--------+--------+-----+--------+

Top non-repeatable levels by time:
     D:7: 1119 daAuts
     D:5: 980 daAuts
     D:1: 862 daAuts
     D:6: 840 daAuts
     D:8: 566 daAuts
     D:3: 560 daAuts
     D:2: 486 daAuts
     D:4: 459 daAuts
